 Dungeon Crawl Stone Soup version 0.31-a0-765-g67fe2935dc (webtiles) character file.

Game seed: 7940757550216467988

168 Dittersdorf the Shield-Bearer (level 5, 0/33 HPs)
             Began as a Gargoyle Fighter on Sept 15, 2023.
             Slain by Pikel
             ... wielding a +2 whip of freezing
              (6 damage)
             ... on level 4 of the Dungeon.
             The game lasted 00:02:50 (2618 turns).

Dittersdorf the Shield-Bearer (Gargoyle Fighter)    Turns: 2618, Time: 00:02:50

Health: 0/33       AC: 11    Str: 21    XL:     5   Next: 48%
Magic:  5/5        EV:  9    Int:  9    God:
Gold:   218        SH:  4    Dex:  9    Spells: 4/4 levels left

rFire   . . .        a - +0 flail
rCold   . . .        c - +0 buckler
rNeg    + . .        b - +0 scale mail
rPois   ∞            (no helmet)
rElec   +            (no cloak)
rCorr   .            (no gloves)
SInv    .            (no boots)
Will    .....        (no amulet) Stlth
                     (no ring)
HPRegen 0.25/turn    (no ring)
MPRegen 0.09/turn

%: no passive effects
@: no status effects
A: sickness immunity, AC +4, negative energy resistance 1, electricity
resistance, torment resistance 1, petrification resistance
a: no special abilities


You were on level 4 of the Dungeon.
You visited 1 branch of the dungeon, and saw 4 of its levels.

You collected 218 gold pieces.

Inventory:

Hand Weapons
 a - a +0 flail (weapon)
Missiles
 k - 5 silver javelins
 w - 3 poisoned darts (quivered)
Armour
 b - a +0 scale mail (worn)
 c - a +0 buckler (worn)
Jewellery
 m - a ring of ice
 v - a +6 ring of intelligence
Wands
 x - a wand of quicksilver (13)
Scrolls
 e - 3 scrolls of identify {unknown}
 g - a scroll of noise {unknown}
 h - a scroll of poison {unknown}
 i - 2 scrolls of fog {unknown}
 j - a scroll of enchant weapon {unknown}
 o - a scroll of teleportation {unknown}
 q - 2 scrolls of blinking {unknown}
 s - 2 scrolls of vulnerability {unknown}
Potions
 d - 2 potions of might
 f - 3 potions of mutation {unknown}
 l - a potion of berserk rage {unknown}
 n - a potion of magic {unknown}
 p - a potion of brilliance {unknown}
 r - a potion of attraction {unknown}
 t - a potion of lignification {unknown}
 u - 2 potions of heal wounds {unknown}


   Skills:
 + Level 4.3 Fighting
 + Level 3.2 Maces & Flails
 + Level 4.2 Armour
 + Level 4.3 Shields


You had 4 spell levels left.
You didn't know any spells.
Your spell library was empty.

Dungeon Overview and Level Annotations

Branches:
Dungeon (4/15)
 Temple: D:4-7

Altars:
Fedhas

Annotations:
D:4 Eustachio, Pikel


Innate Abilities, Weirdness & Mutations

You are immune to sickness and miasma.
Your stone body is resilient. (AC +4)
You are immune to poison.
You resist negative energy. (rN+)
You are resistant to electric shocks. (rElec)
You are resistant to unholy torment.
You are immune to petrification.


Message History

The lemure blinks! x2; You blink.
Eustachio the Magnificent comes into view.
He is wielding a +3 rapier of protection and carrying a wand of polymorph.
The lemure hits you.
Eustachio mumbles some strange words.
Eustachio blinks!
You thump Eustachio!
Eustachio is lightly wounded.
The lemure hits you but does no damage.
Eustachio gestures wildly while chanting.
Eustachio blinks!
You block the lemure's attack. The lemure hits you but does no damage.
The lemure barely misses you. The lemure hits you. The lemure hits you!
Eustachio brags, "I can call spirits from the vasty deep."
The lemure hits you but does no damage.
You barely miss Eustachio.
Eustachio is lightly wounded.
The lemure hits you but does no damage.
Eustachio mumbles some strange words.
The lemure barely misses you.
You barely miss Eustachio.
Eustachio is lightly wounded.
You block the lemure's attack. Eustachio closely misses you.
You closely miss the ufetubus. The ufetubus barely misses you.
You block the ufetubus's attack. The lemure hits you!
Eustachio hits you but does no damage.
The crimson imp shouts, "Give up, thou puny common-kissing clack-dish!"
The lemure hits you but does no damage. The iron imp hits you.
Pikel hits you but does no damage.
Eustachio hits you with a +3 rapier of protection.
* * * LOW HITPOINT WARNING * * *
Pikel hits you but does no damage. You block the lemure's attack.
You closely miss the ufetubus. The ufetubus hits you.
* * * LOW HITPOINT WARNING * * *
You block the ufetubus's attack. The lemure barely misses you.
Eustachio casts a spell.
The lemure misses you.
Pikel hits you with a +2 whip of freezing.
You die...
Pikel says, "Another soul for the market."

#.≈≈§≈≈.#
###.≈≈≈≈≈.#
#....≈≈≈5g#
#.........#
#..(†)#.g...
#...<.#.####
#.r5r.<.#
#.55K.###
#.r@@5.#
#...5..####
#.........#
#########.#
.. .


You could see Eustachio, Pikel, 2 lemures, an iron imp (summoned), a crimson imp
(summoned), a river rat (summoned), an ufetubus (summoned), 2 quokkas and a
hobgoblin.

Vanquished Creatures
  A hound (D:4)
  4 adders
  3 dart slugs
  2 orcs (D:3)
  6 ball pythons
  7 bats
  9 endoplasms
  5 giant cockroaches
  11 goblins
  6 hobgoblins
  6 jackals (D:1)
  6 kobolds
  6 quokkas
  2 frilled lizards
  6 rats
80 creatures vanquished.

Notes
Turn   | Place    | Note
-------+----------+-------------------------------------------
     0 | D:1      | Dittersdorf the Gargoyle Fighter began the quest for the
                  | Orb.
     0 | D:1      | Reached XP level 1. HP: 14/14 MP: 1/1
   109 | D:1      | Reached XP level 2. HP: 18/19 MP: 2/2
   511 | D:1      | Reached XP level 3. HP: 22/23 MP: 3/3
  1184 | D:2      | Reached XP level 4. HP: 29/29 MP: 4/4
  2304 | D:3      | Reached XP level 5. HP: 31/33 MP: 5/5
  2505 | D:4      | Found a blossoming altar of Fedhas.
  2536 | D:4      | Noticed Pikel
  2537 | D:4      | Noticed a lemure
  2545 | D:4      | Noticed a lemure
  2602 | D:4      | Noticed a lemure
  2603 | D:4      | Noticed a lemure
  2607 | D:4      | Noticed Eustachio
  2618 | D:4      | Slain by Pikel

Illustrated notes

Levels and vault maps discovered:
D:1:      kennysheep_arrival_forest, layout_loops_corners
D:2:      layout_loops_corners
D:3:      cheibrodos_greedy_goblins, layout_rooms
D:4:      layout_rooms, mainiacjoe_overflow_alcove_1,
          nemelex_diamond_rough_becter, mainiacjoe_overflow_catwalk,
          grunt_temple_overflow_diamond, kennysheep_generic_room_11,
          uniq_eustachio, uniq_pikel

Skill      XL: |  1  2  3  4 |
---------------+-------------+-----
Shields        | 4 |  4.3
Fighting       | 4 |  4.3
Armour         | 4 |  4.2
Maces & Flails | 3 |  3.2

Action                     |  1- 3 |  4- 6 || total
---------------------------+-------+-------++-------
  Melee: Flail             |   139 |   181 ||   320
 Armour: Scale mail        |   100 |   168 ||   268
  Dodge: Dodged            |   103 |   115 ||   218
  Block: Buckler           |    46 |    48 ||    94

Table legend: (Time is in decaauts)
 A = Elapsed time spent in this place.
 B = Non-inter-level travel time spent in this place.
 C = Inter-level travel time spent in this place.
 D = Time resting spent in this place.
 E = Time spent auto-exploring this place.
 F = Levels seen in this place.
 G = Mean time per level.
                   A        B        C        D        E       F      G
               +--------+--------+--------+--------+--------+-----+--------+
         Total |   2712 |   2579 |    133 |     54 |   1871 |   4 |  678.0 |
       Dungeon |   2712 |   2579 |    133 |     54 |   1871 |   4 |  678.0 |
               +--------+--------+--------+--------+--------+-----+--------+

Top non-repeatable levels by time:
     D:1: 1009 daAuts
     D:2: 1003 daAuts
     D:3: 632 daAuts
     D:4: 67 daAuts
